 Dungeon Crawl Stone Soup version 0.31-a0-164-g2312942fda (webtiles) character file.

Game seed: 14585473856854325448

39 qw the Shooter (level 3, -1/22 HPs)
             Began as a Gargoyle Hunter on June 13, 2023.
             Slain by Terence
             ... wielding a +0 flail
              (11 damage)
             ... on level 2 of the Dungeon.
             The game lasted 00:00:28 (1072 turns).

qw the Shooter (Gargoyle Hunter)                    Turns: 1072, Time: 00:00:28

Health: -1/22      AC:  6    Str: 14    XL:     3   Next: 47%
Magic:  3/3        EV: 11    Int:  9    God:
Gold:   67         SH:  0    Dex: 15    Spells: 2/2 levels left

rFire   . . .        Y - +0 shortbow
rCold   . . .        (shield currently unavailable)
rNeg    + . .        c - +0 leather armour
rPois   inf          (no helmet)
rElec   +            (no cloak)
rCorr   .            (no gloves)
SInv    .            (no boots)
Will    .....        (no amulet)
Stlth   ++           (no ring)
HPRegen 0.23/turn    (no ring)
MPRegen 0.08/turn

%: no passive effects
@: no status effects
A: sickness immunity, AC +3, negative energy resistance 1, electricity
resistance, torment resistance 1, petrification resistance
a: no special abilities


You were on level 2 of the Dungeon.
You visited 1 branch of the dungeon, and saw 2 of its levels.

You collected 67 gold pieces.


Innate Abilities, Weirdness & Mutations

You are immune to sickness and miasma.
Your stone body is resilient. (AC +3)
You are immune to poison.
You resist negative energy. (rN+)
You are resistant to electric shocks. (rElec)
You are resistant to unholy torment.
You are immune to petrification.


   Skills:
 + Level 2.6 Fighting
 - Level 5.0 Ranged Weapons
 - Level 1.5 Dodging
 - Level 1.1 Stealth


You had 2 spell levels left.
You didn't know any spells.
Your spell library was empty.

Inventory:

Hand Weapons
 Y - a +0 shortbow (weapon)
Armour
 c - a +0 leather armour (worn)
 f - the +1 robe of the Untouchables {Int+2}
   (You found it on level 2 of the Dungeon)

   Int:       It affects your intelligence (+2).
Scrolls
 a - a scroll of teleportation
 e - 2 scrolls of identify
Potions
 b - a potion of heal wounds {unknown}
 d - 2 potions of might {unknown}
 g - a potion of curing
 i - a potion of magic

Dungeon Overview and Level Annotations

Branches:
Dungeon (2/15)

Altars:

Annotations:
D:2 Terence


Message History

The kobold shouts!
You shoot an arrow. The arrow hits the kobold.
You kill the kobold!
Terence the Incautious comes into view.
He is wielding a +0 flail.
A giant cockroach comes into view.
You shoot an arrow. The arrow barely misses Terence.
Terence shouts!
Terence says, "Rest in peace."
You shoot an arrow. The arrow hits Terence.
Terence is moderately wounded.
You shoot an arrow.
The arrow barely misses the giant cockroach.
The arrow hits Terence but does no damage.
Terence is moderately wounded.
Terence screams, "I want your blood!"
You shoot an arrow.
The arrow hits the giant cockroach but does no damage.
You shoot an arrow.
The arrow closely misses the giant cockroach.
The giant cockroach misses you.
You shoot an arrow.
The arrow closely misses the giant cockroach.
The giant cockroach closely misses you.
You shoot an arrow. The arrow hits Terence.
Terence is heavily wounded.
The giant cockroach bites you. Terence hits you with a +0 flail.
The giant cockroach bites you but does no damage.
You shoot an arrow. The arrow closely misses Terence.
Terence hits you with a +0 flail.
The giant cockroach bites you but does no damage.
A goblin comes into view. It is wielding a +0 dagger.
Terence hits you with a +0 flail.
You shoot an arrow. The goblin shouts!
The arrow hits Terence but does no damage.
Terence is heavily wounded.
The giant cockroach bites you but does no damage.
Terence hits you with a +0 flail!
Ouch! That really hurt!
You die...

..g. ).. .. #.## ..#
#.#####..( #@B.....#
#.. #.@## ... ## #...#
...##.. ######...##
.#.#... #......#..#
#.#.#.#. ##..#####.###
##..#.#.#.
##.........###..##.#.#.
#######.......###.#.#.
#...............
##...###########


You could see Terence, a giant cockroach and a goblin.

Vanquished Creatures
  A dart slug (D:2)
  2 ball pythons (D:1)
  4 bats (D:1)
  5 endoplasms (D:1)
  A giant cockroach (D:1)
  3 goblins (D:1)
  3 hobgoblins
  3 quokkas (D:1)
  A frilled lizard (D:1)
  8 kobolds
  2 rats (D:1)
33 creatures vanquished.

Notes
Turn   | Place    | Note
-------+----------+-------------------------------------------
     0 | D:1      | qw the Gargoyle Hunter began the quest for the Orb.
     0 | D:1      | Reached XP level 1. HP: 12/12 MP: 1/1
     0 | D:1      | 0 ||| qw: Version: 0.2-a-29-gc1b59c4
     0 | D:1      | 0 ||| qw: Game counter: 4593
     0 | D:1      | 0 ||| qw: Always use a shield: true
     0 | D:1      | 0 ||| qw: God list: Okawaru
     0 | D:1      | 0 ||| qw: Allow faded altars: false
     0 | D:1      | 0 ||| qw: Do Orc after D:15 true
     0 | D:1      | 0 ||| qw: Do second Lair branch before Depths: true
     0 | D:1      | 0 ||| qw: Lair rune preference: random
     0 | D:1      | 0 ||| qw: Plans: Normal, Zot:1-4, Slime:5, God:TSO, Crypt,
                  | Tomb, Abyss, Pan, Hells, Win
     0 | D:1      | 0 ||| PLANNING D:1-11
   153 | D:1      | Reached XP level 2. HP: 15/17 MP: 2/2
   528 | D:1      | 528 ||| READING 2 scrolls labelled PIFAHI XYNA.
   601 | D:1      | Reached XP level 3. HP: 21/21 MP: 3/3
   698 | D:1      | Reached skill level 5 in Ranged Weapons
   859 | D:1      | 859 ||| READING scroll labelled YVEZUSABAW.
   860 | D:1      | 860 ||| READING 5 scrolls labelled GIUPHIUXOPH.
   861 | D:1      | 861 ||| READING scroll labelled UDOLAHA ZUHAM.
   962 | D:1      | 962 ||| READING 3 scrolls labelled ZOSEMA LINOP.
   963 | D:1      | 963 ||| READING 4 scrolls of identify.
   963 | D:1      | 963 ||| IDENTIFYING cyan potion
   964 | D:1      | 964 ||| READING 3 scrolls of identify.
   964 | D:1      | 964 ||| IDENTIFYING sedimented amethyst potion
   965 | D:1      | 965 ||| DROPPING scroll of butterflies.
   966 | D:1      | 966 ||| DROPPING 2 scrolls of amnesia.
  1054 | D:2      | Identified the +1 robe of the Untouchables {Int+2}
  1063 | D:2      | Noticed Terence
  1072 | D:2      | Slain by Terence

Levels and vault maps discovered:
D:1:      ldierk_walled_garden_2, layout_basic, serial_glass, glass_columns_a,
          glass_columns_b, glass_columns_b, st_stairs_6, minmay_pentomino_x4
D:2:      layout_rooms, basic_altar, uniq_crazy_yiuf_cottage, uniq_sigmund,
          uniq_terence

Skill      XL: |  1  2  3 |
---------------+----------+-----
Ranged Weapons | 5 |  5.0
Fighting       | |  2.6
Dodging        | |  1.5
Stealth        | |  1.1

Action                     || total
---------------------------++-------
   Fire: Shortbow          ||   116
    Use: Scroll            ||     7
 Armour: Leather armour    ||    28
  Dodge: Dodged            ||    42

Table legend:
 A = Non-vault XP
 B = Vault XP
 C = Vault XP percentage of total XP
 D = Non-vault monster count
 E = Vault monster count
 F = Vault count percentage of total count
                 A         B        C        D         E       F
            +---------+---------+-------+---------+---------+-------
      Total |      52 |       5 |   8.8 |      30 |       3 |   9.1
            +---------+---------+-------+---------+---------+-------
        D:1 |      41 |       5 |  10.9 |      24 |       3 |  11.1
        D:2 |      11 |       0 |   0.0 |       6 |       0 |   0.0
            +---------+---------+-------+---------+---------+-------
